AoeStats
← longbigtoes

Migration

505432552Analyzed
1v1 RM · 23d ago on Sep 9, 2026· 79m 3s· 2 players
Game mode
Random Map
Map size
132×132
Population
200
Speed
Normal
Resources
Standard
Victory
Conquest
Starting age
Dark Age
Ending age
Imperial Age
RankedLock teamsTeams togetherTeam positionsShared explorationLock speedFull tech treeHidden civsTurbo modeCheats
Victory
Defeat
🇳🇱 Dravidians · Netherlands
909
+17
🇬🇧 Slavs · United Kingdom
928
-17
Richard the Dog
10:08 Loom
12:19 Feudal Age
12:45 Double-Bit Axe
17:18 Gold Mining
17:19 Stone Mining
18:05 Fishing Lines
23:58 Castle Age
24:06 Horse Collar
24:49 Bow Saw
25:25 Heavy Plow
27:13 Scale Barding Armor
27:19 Forging
27:01 Fletching
30:14 Imperial Age
28:16 Chain Barding Armor
29:41 Wheelbarrow
28:52 Town Watch
29:10 Bodkin Arrow
29:40 Gillnets
31:04 Husbandry
31:31 Ballistics
32:37 Iron Casting
33:43 Medium Warships
34:06 Medical Corps
36:59 Hand Cart
36:45 Town Patrol
37:43 Bracer
44:05 Blast Furnace
49:20 Onager
52:49 Scale Mail Armor
53:18 Man-at-Arms
53:46 Gambesons
54:02 Squires
54:10 Long Swordsman
56:02 Wootz Steel
56:03 Conscription
55:15 Two-Handed Swordsman
57:15 Champion
61:52 Demolition Ship
62:10 Siege Elephant
66:32 Padded Archer Armor
68:10 Elite Skirmisher
68:59 Thumb Ring
longbigtoes
8:55 Loom
10:54 Feudal Age
11:46 Double-Bit Axe
12:03 Horse Collar
13:37 Wheelbarrow
15:58 Town Watch
22:39 Castle Age
21:04 Man-at-Arms
22:01 Forging
21:51 Scale Mail Armor
23:32 Long Swordsman
24:15 Squires
24:52 Iron Casting
24:32 Chain Mail Armor
24:44 Heavy Plow
28:56 Fletching
28:59 Gold Mining
33:40 Imperial Age
31:45 Scale Barding Armor
32:14 Stone Mining
34:00 Detinets
34:32 Two-Handed Swordsman
36:31 Bow Saw
36:58 Ballistics
37:54 Blast Furnace
39:15 Pikeman
40:20 Halberdier
42:11 Plate Mail Armor
41:37 Bodkin Arrow
42:35 Champion
49:50 Elite Boyar
52:01 Chemistry
53:28 Chain Barding Armor
53:15 Demolition Ship
57:07 Crop Rotation
59:50 Padded Archer Armor
60:02 Crossbowman
60:08 Heavy Cavalry Archer
61:20 Murder Holes
63:27 Plate Barding Armor
63:07 Leather Archer Armor
66:36 Two-Man Saw
78:33 Husbandry
78:43 Bloodlines
Connection lost

Rejoining the realm…

Still unreachable

The connection could not be restored.

Session expired

The server has moved on; the page needs a fresh start.